 Dungeon Crawl Stone Soup version 0.31-a0-1074-g0b22e4e0f1 (webtiles) character file.

Game seed: 15334975800379479724

66 grandjackal the Ducker (level 4, -2/34 HPs)
             Began as a Djinni Gladiator on Nov 28, 2023.
             Slain by a cerulean imp
             ... wielding a +1 spear
             ... summoned by Natasha
              (3 damage)
             ... on level 2 of the Dungeon.
             The game lasted 00:01:32 (1390 turns).

grandjackal the Ducker (Djinni Gladiator)           Turns: 1390, Time: 00:01:34

Health: -2/34      AC:  4    Str: 13    XL:     4   Next: 37%
Gold:   113        EV: 13    Int: 12    God:
                   SH:  0    Dex: 14

rFire   + + .        a - +0 quarterstaff
rCold   x . .        (shield currently unavailable)
rNeg    . . .        b - +0 leather armour
rPois   ∞            c - +0 helmet
rElec   .            (no cloak)
rCorr   .            (no gloves)
SInv    .            (boots unavailable)
Will    .....        (no amulet)
Stlth   +            (no ring)
HPRegen 0.25/turn    (no ring)
MPRegen 0.00/turn

%: infuse magic (-3 HP)
@: flying, very slightly contaminated, slowed, very slow
A: sickness immunity, fire resistance 2, cold vulnerability 1, float, innate
caster, HP casting, extra vitality 1
a: no special abilities


You were on level 2 of the Dungeon.
You visited 1 branch of the dungeon, and saw 2 of its levels.

You collected 113 gold pieces.

Inventory:

Hand Weapons
 a - a +0 quarterstaff (weapon)
Missiles
 d - 3 throwing nets (quivered)
 e - a javelin
Armour
 b - a +0 leather armour (worn)
 c - a +0 helmet (worn)
Scrolls
 f - 5 scrolls of identify {unknown}
Potions
 g - 2 potions of heal wounds {unknown}
 h - a potion of resistance {unknown}


   Skills:
 + Level 2.7 Fighting
 + Level 3.2 Staves
 - Level 1.5 Throwing
 + Level 3.9 Dodging
 + Level 1.1 Spellcasting
 + Level 1.1 Conjurations
 + Level 1.1 Hexes
   Level 0.0 Charms
 + Level 1.1 Summonings
 + Level 1.1 Necromancy
 + Level 1.1 Translocations
 + Level 1.1 Transmutations
 + Level 1.1 Fire Magic
 + Level 1.1 Ice Magic
 + Level 1.1 Air Magic
 + Level 1.1 Earth Magic
 + Level 1.1 Poison Magic


You knew the following spells:

 Your Spells              Type           Power      Damage    Failure   Level
a - Freeze                Ice            12%        1d3       24%         1
Your spell library was empty.

Dungeon Overview and Level Annotations

Branches:
Dungeon (2/15)

Altars:

Annotations:
D:2 Natasha


Innate Abilities, Weirdness & Mutations

You are immune to sickness and miasma.
You are immune to poison.
Your flesh is very heat resistant. (rF++)
You are vulnerable to cold. (rC-)
You float through the air rather than walking.
You learn spells naturally, not from books.
Your magical power is your life essence.
You have superior vitality. (+4 MHP)


Message History

Aim: Natasha (moderately wounded)
You freeze Natasha.
Natasha is heavily wounded.
Natasha claws you but does no damage.
The cerulean imp hits you from afar with a +2 spear.
Natasha casts a spell.
Casting: Freeze (safe; 24% risk of failure)
Confirm with . or Enter, or press ? or * to list all spells.
Aiming: Freeze (safe; 24% risk of failure)
Press: ? - help, Shift-Dir - straight line, f/p - Natasha
Aim: Natasha (heavily wounded)
You freeze Natasha.
Natasha is heavily wounded.
* * * LOW HITPOINT WARNING * * *
The cerulean imp closely misses you. Natasha closely misses you.
The cerulean imp hits you from afar with a +1 spear.
* * * LOW HITPOINT WARNING * * *
The cerulean imp hits you from afar with a +2 spear.
* * * LOW HITPOINT WARNING * * *
Casting: Freeze (safe; 24% risk of failure)
Confirm with . or Enter, or press ? or * to list all spells.
Aiming: Freeze (safe; 24% risk of failure)
Press: ? - help, Shift-Dir - straight line, f/p - Natasha
Aim: Natasha (heavily wounded)
You miscast Freeze.
You are very lightly contaminated with residual magic.
Nothing appears to happen.
* * * LOW HITPOINT WARNING * * *
Natasha stares at you and mumbles some strange words.
You resist with some effort. The cerulean imp barely misses you.
The cerulean imp hits you from afar with a +2 spear.
* * * LOW HITPOINT WARNING * * *
Natasha barely misses you. The cerulean imp closely misses you.
You barely miss Natasha.
Natasha is heavily wounded.
The cerulean imp hits you from afar with a +2 spear.
* * * LOW HITPOINT WARNING * * *
Natasha barely misses you.
The cerulean imp hits you from afar with a +1 spear.
You die...

#..).'.......####
#.####.......#
#.# #.........
####### #.#
#..........
#...... #.#
#..........
#.$....###.#
#..........
#.......##.#
#.........
#......5##.#
###......
#.......h@.#
#......5####
#.......#
####....+ #....#
#....# #...?#
#.(..# #.!..#


You could see Natasha and 2 cerulean imps.

Vanquished Creatures
  An orc wizard (D:2)
  2 dart slugs
  A worm (D:2)
  2 orcs (D:2)
  A bat (D:1)
  An endoplasm (D:2)
  4 goblins
  2 hobgoblins (D:1)
  2 kobolds
  3 quokkas
  5 ball pythons
  4 frilled lizards
  5 rats
33 creatures vanquished.

Notes
Turn   | Place    | Note
-------+----------+-------------------------------------------
     0 | D:1      | grandjackal the Djinni Gladiator began the quest for the
                  | Orb.
     0 | D:1      | Reached XP level 1. HP: 18/18 MP: 0/0
   233 | D:1      | Reached XP level 2. HP: 21/23 MP: 0/0
   305 | D:1      | Found a faded altar of an unknown god.
   502 | D:1      | Reached XP level 3. HP: 23/28 MP: 0/0
   502 | D:1      | Learned a level 1 spell: Freeze
  1280 | D:2      | Reached skill level 1 in Spellcasting
  1280 | D:2      | Reached skill level 1 in Conjurations
  1280 | D:2      | Reached skill level 1 in Hexes
  1280 | D:2      | Reached skill level 1 in Summonings
  1280 | D:2      | Reached skill level 1 in Necromancy
  1280 | D:2      | Reached skill level 1 in Translocations
  1280 | D:2      | Reached skill level 1 in Transmutations
  1280 | D:2      | Reached skill level 1 in Fire Magic
  1280 | D:2      | Reached skill level 1 in Ice Magic
  1280 | D:2      | Reached skill level 1 in Air Magic
  1280 | D:2      | Reached skill level 1 in Earth Magic
  1280 | D:2      | Reached skill level 1 in Poison Magic
  1280 | D:2      | Reached XP level 4. HP: 14/34 MP: 0/0
  1379 | D:2      | Noticed Natasha
  1390 | D:2      | HP: 1/34 [cerulean imp/+2 spear[Natasha] (3)]
  1390 | D:2      | Slain by a cerulean imp

Illustrated notes

Levels and vault maps discovered:
D:1:      enne_arrival_octagon_isle, layout_basic,
          chequers_ecumenical_altar_island, minmay_tripent
D:2:      layout_basic, uniq_natasha

Skill      XL: |  1  2  3 |
---------------+----------+-----
Staves         | 3 |  3.2
Spellcasting   | 1 |  1.1
Conjurations   | 1 |  1.1
Hexes          | 1 |  1.1
Summonings     | 1 |  1.1
Necromancy     | 1 |  1.1
Translocations | 1 |  1.1
Transmutations | 1 |  1.1
Fire Magic     | 1 |  1.1
Ice Magic      | 1 |  1.1
Air Magic      | 1 |  1.1
Earth Magic    | 1 |  1.1
Poison Magic   | 1 |  1.1
Fighting       | |  2.7
Throwing       | |  1.5
Dodging        | |  3.9

Action                     |  1- 3 |  4- 6 || total
---------------------------+-------+-------++-------
  Melee: Quarterstaff      |   103 |     8 ||   111
   Cast: Freeze            |    16 |     4 ||    20
 Armour: Leather armour    |    74 |    16 ||    90
  Dodge: Dodged            |    83 |    12 ||    95

Table legend: (Time is in decaauts)
 A = Elapsed time spent in this place.
 B = Non-inter-level travel time spent in this place.
 C = Inter-level travel time spent in this place.
 D = Time resting spent in this place.
 E = Time spent auto-exploring this place.
 F = Levels seen in this place.
 G = Mean time per level.
                   A        B        C        D        E       F      G
               +--------+--------+--------+--------+--------+-----+--------+
         Total |   1409 |   1389 |     20 |    219 |    882 |   2 |  704.5 |
       Dungeon |   1409 |   1389 |     20 |    219 |    882 |   2 |  704.5 |
               +--------+--------+--------+--------+--------+-----+--------+

Top non-repeatable levels by time:
     D:1: 959 daAuts
     D:2: 450 daAuts
